| TOP OF THE 1ST |
|
University of North Carolina at Chapel Hill Tar Heels batting - Pitching for Vanderbilt University Commodores : RHP Gabriel Marsh
|
|
Pitching: RHP Gabriel Marsh
|
|
|
Batting: LHB Juan Alvarado
|
0-0: Called Strike 0-1: Ground out 4-3 (Groundball, 4S, EV 75.0 MPH)
|
|
Batting: LHB Chris Robertson
|
0-0: Foul Ball, location: 2F 0-1: Ball 1-1: Ball 2-1: Ground out 4-3 (Groundball, 4, EV 87.5 MPH)
|
|
Batting: RHB Michael Houseman
|
0-0: Fly out, F9 (Flyball, 9, EV 83.8 MPH)
|
| Top of the 1st over - 0 runs, 0 hits, 0 errors, 0 left on base; University of North Carolina at Chapel Hill 0 - Vanderbilt University 0 |
| BOTTOM OF THE 1ST |
|
Vanderbilt University Commodores batting - Pitching for University of North Carolina at Chapel Hill Tar Heels : RHP Fernando Conzalez
|
|
Pitching: RHP Fernando Conzalez
|
|
|
Batting: RHB Min Tann
|
0-0: Ball 1-0: Ground out 6-3 (Groundball, 6, EV 88.8 MPH)
|
|
Batting: RHB Takashi Takeuchi
|
0-0: Ball 1-0: Ball 2-0: SINGLE (Groundball, 34D, EV 98.8 MPH)
|
|
Batting: RHB Edgar Fernandez
|
0-0: Ball 1-0: Ball 2-0: Ball 3-0: Base on Balls Takashi Takeuchi to second
|
|
Batting: RHB Jose Ramos
|
0-0: Fly out, F9 (Flyball, 9, EV 92.5 MPH)
|
|
Batting: LHB Tokito Ishizaki
|
0-0: Foul Ball, location: 2F 0-1: Ball 1-1: Ball 2-1: Foul Ball, location: 2F 2-2: Foul Ball, location: 2F 2-2: Strikes out swinging
|
| Bottom of the 1st over - 0 runs, 1 hit, 0 errors, 2 left on base; University of North Carolina at Chapel Hill 0 - Vanderbilt University 0 |
| TOP OF THE 2ND |
|
University of North Carolina at Chapel Hill Tar Heels batting - Pitching for Vanderbilt University Commodores : RHP Gabriel Marsh
|
|
Batting: RHB Mike Machalek
|
0-0: Ball 1-0: Foul Ball, location: 2F 1-1: Ball 2-1: Ball 3-1: Fly out, F7 (Flyball, 78D, EV 83.1 MPH)
|
|
Batting: RHB Tony Jennings
|
0-0: Swinging Strike 0-1: Called Strike 0-2: Strikes out swinging
|
|
Batting: RHB Brandon Wilson
|
0-0: Ball 1-0: Foul Ball, location: 2F 1-1: Swinging Strike 1-2: Ground out 6-3 (Groundball, 6D, EV 87.5 MPH)
|
| Top of the 2nd over - 0 runs, 0 hits, 0 errors, 0 left on base; University of North Carolina at Chapel Hill 0 - Vanderbilt University 0 |
| BOTTOM OF THE 2ND |
|
Vanderbilt University Commodores batting - Pitching for University of North Carolina at Chapel Hill Tar Heels : RHP Fernando Conzalez
|
|
Batting: SHB D.J. Davis
|
0-0: Ball 1-0: Ball 2-0: Ball 3-0: Called Strike 3-1: Foul Ball, location: 2F 3-2: Base on Balls
|
|
Batting: RHB Ruben Reyna
|
0-0: Grounds into double play, 6-4-3 (Groundball, 56, EV 85.6 MPH)
|
|
Batting: RHB Sam Kerwin
|
0-0: Swinging Strike 0-1: Fly out, F8 (Flyball, 8RM, EV 94.4 MPH)
|
| Bottom of the 2nd over - 0 runs, 0 hits, 0 errors, 0 left on base; University of North Carolina at Chapel Hill 0 - Vanderbilt University 0 |
| TOP OF THE 3RD |
|
University of North Carolina at Chapel Hill Tar Heels batting - Pitching for Vanderbilt University Commodores : RHP Gabriel Marsh
|
|
Batting: RHB Steve Breshears
|
0-0: Ball 1-0: Called Strike 1-1: Swinging Strike 1-2: Ball 2-2: Ball 3-2: Base on Balls
|
|
Batting: LHB Armando Pena
|
0-0: Foul Ball, location: 2F 0-1: Ball 1-1: Swinging Strike 1-2: Strikes out swinging
|
|
Batting: RHB Brian Brower
|
0-0: DOUBLE (Line Drive, 7LM, EV 101.9 MPH) Steve Breshears to third
|
|
Batting: LHB Juan Alvarado
|
0-0: Foul Ball, location: 2F 0-1: Fly out, F9 (Line Drive, 9, EV 96.9 MPH) Runner from 3rd tags up, SCORES, throw by RF
|
|
Batting: LHB Chris Robertson
|
0-0: Ball 1-0: Ground out 4-3 (Groundball, 34, EV 103.8 MPH)
|
| Top of the 3rd over - 1 run, 1 hit, 0 errors, 1 left on base; University of North Carolina at Chapel Hill 1 - Vanderbilt University 0 |
| BOTTOM OF THE 3RD |
|
Vanderbilt University Commodores batting - Pitching for University of North Carolina at Chapel Hill Tar Heels : RHP Fernando Conzalez
|
|
Batting: SHB Robbie Glover
|
0-0: SINGLE (Groundball, 56, EV 102.5 MPH)
|
|
Batting: RHB Min Tann
|
0-0: Ball 1-0: Ball 2-0: Called Strike 2-1: Foul Ball, location: 2F 2-2: Foul Ball, location: 2F 2-2: SINGLE (Flyball, 8RS, EV 90.6 MPH) Robbie Glover to second
|
|
Batting: RHB Takashi Takeuchi
|
0-0: Ball 1-0: Fielders Choice at 2nd, 4-6 (Groundball, 4, EV 80.6 MPH) Robbie Glover to third
|
|
Batting: RHB Edgar Fernandez
|
0-0: Swinging Strike 0-1: Ball 1-1: SINGLE (Groundball, 56D, EV 107.5 MPH) Robbie Glover scores Takashi Takeuchi to second
|
|
Batting: RHB Jose Ramos
|
0-0: Ball 1-0: Swinging Strike 1-1: Foul Ball, location: 2F 1-2: Strikes out looking
|
|
Batting: LHB Tokito Ishizaki
|
0-0: Ball 1-0: Ball 2-0: DOUBLE (Flyball, 8RXD, EV 103.8 MPH) Takashi Takeuchi scores Edgar Fernandez to third
|
|
Batting: SHB D.J. Davis
|
0-0: Called Strike 0-1: Foul Ball, location: 2F 0-2: Foul Ball, location: 2F 0-2: Ball 1-2: Foul Ball, location: 2F 1-2: Ground out U3 (Groundball, 34, EV 79.4 MPH)
|
| Bottom of the 3rd over - 2 runs, 4 hits, 0 errors, 2 left on base; University of North Carolina at Chapel Hill 1 - Vanderbilt University 2 |
| TOP OF THE 4TH |
|
University of North Carolina at Chapel Hill Tar Heels batting - Pitching for Vanderbilt University Commodores : RHP Gabriel Marsh
|
|
Batting: RHB Michael Houseman
|
0-0: Ball 1-0: Ground out 6-3 (Groundball, 6, EV 106.9 MPH)
|
|
Batting: RHB Mike Machalek
|
0-0: Called Strike 0-1: Ball 1-1: SOLO HOME RUN (Flyball, 7LD, EV 97.5 MPH), Distance : 359 ft
|
|
Batting: RHB Tony Jennings
|
0-0: Called Strike 0-1: Ball 1-1: Foul Ball, location: 2F 1-2: Ball 2-2: Foul Ball, location: 2F 2-2: SINGLE (Groundball, 5L, EV 82.5 MPH) (infield hit)
|
|
Batting: RHB Brandon Wilson
|
0-0: Ball 1-0: Ball 2-0: Ball 3-0: Swinging Strike 3-1: Base on Balls Tony Jennings to second
|
|
Batting: RHB Steve Breshears
|
0-0: Called Strike 0-1: Ball 1-1: Foul Ball, location: 2F 1-2: Ball 2-2: Foul Ball, location: 2F 2-2: Foul Ball, location: 2F 2-2: Fly out, F7 (Flyball, 78M, EV 93.8 MPH)
|
|
Batting: LHB Armando Pena
|
0-0: Called Strike 0-1: Fielders Choice at 2nd, U6 (Groundball, 6M, EV 83.8 MPH)
|
| Top of the 4th over - 1 run, 2 hits, 0 errors, 2 left on base; University of North Carolina at Chapel Hill 2 - Vanderbilt University 2 |
| BOTTOM OF THE 4TH |
|
Vanderbilt University Commodores batting - Pitching for University of North Carolina at Chapel Hill Tar Heels : RHP Fernando Conzalez
|
|
Batting: RHB Ruben Reyna
|
0-0: Called Strike 0-1: Ball 1-1: Ball 2-1: Ball 3-1: Foul Ball, location: 2F 3-2: Base on Balls
|
|
Batting: RHB Sam Kerwin
|
0-0: Foul Ball, location: 2F 0-1: Fly out, F8 (Flyball, 89M, EV 95.6 MPH)
|
|
Batting: SHB Robbie Glover
|
0-0: Foul Ball, location: 2F 0-1: Fielders Choice at 2nd, 4-6 (Groundball, 4, EV 84.4 MPH)
|
|
Batting: RHB Min Tann
|
0-0: Foul Ball, location: 2F 0-1: Foul Ball, location: 2F 0-2: Foul Ball, location: 2F 0-2: Ground out 6-3 (Groundball, 6S, EV 89.4 MPH)
|
| Bottom of the 4th over - 0 runs, 0 hits, 0 errors, 1 left on base; University of North Carolina at Chapel Hill 2 - Vanderbilt University 2 |
| TOP OF THE 5TH |
|
University of North Carolina at Chapel Hill Tar Heels batting - Pitching for Vanderbilt University Commodores : RHP Gabriel Marsh
|
|
Now at 1B: Paul Johnson
|
|
|
Batting: RHB Brian Brower
|
0-0: Ball 1-0: Foul Ball, location: 2F 1-1: Ball 2-1: Ball 3-1: Ground out U3 (Groundball, 34, EV 81.9 MPH)
|
|
Batting: LHB Juan Alvarado
|
0-0: Ball 1-0: DOUBLE (Flyball, 78D, EV 111.2 MPH)
|
|
Batting: LHB Chris Robertson
|
0-0: Ball 1-0: Foul Ball, location: 2F 1-1: Fly out, F7 (Flyball, 7D, EV 90.0 MPH)
|
|
Batting: RHB Michael Houseman
|
0-0: Called Strike 0-1: Foul Ball, location: 2F 0-2: Ball 1-2: Ball 2-2: Strikes out swinging
|
| Top of the 5th over - 0 runs, 1 hit, 0 errors, 1 left on base; University of North Carolina at Chapel Hill 2 - Vanderbilt University 2 |
| BOTTOM OF THE 5TH |
|
Vanderbilt University Commodores batting - Pitching for University of North Carolina at Chapel Hill Tar Heels : RHP Fernando Conzalez
|
|
Batting: RHB En-lai Kong
|
0-0: Called Strike 0-1: Ball 1-1: Fly out, F9 (Flyball, 9LD, EV 103.8 MPH)
|
|
Batting: RHB Paul Johnson
|
0-0: Ball 1-0: Ball 2-0: Called Strike 2-1: Ball 3-1: SINGLE (Groundball, 6MD, EV 94.4 MPH)
|
|
Pinch Hitting: RHB Brian Pflughoeft
|
0-0: SINGLE (Groundball, 56, EV 104.4 MPH) Paul Johnson to second
|
|
Batting: LHB Tokito Ishizaki
|
0-0: Fly out, F9 (Flyball, 9D, EV 104.4 MPH) Runner from 2nd tags up, SAFE at 3rd with throw by RF
|
|
Batting: SHB D.J. Davis
|
0-0: Ground out 4-3 (Groundball, 4, EV 99.4 MPH)
|
| Bottom of the 5th over - 0 runs, 2 hits, 0 errors, 2 left on base; University of North Carolina at Chapel Hill 2 - Vanderbilt University 2 |
| TOP OF THE 6TH |
|
University of North Carolina at Chapel Hill Tar Heels batting - Pitching for Vanderbilt University Commodores : RHP Gabriel Marsh
|
|
Pitching: LHP Ethan Roberson
|
|
|
Now in CF: Brian Pflughoeft
|
|
|
Batting: RHB Mike Machalek
|
0-0: Ball 1-0: Swinging Strike 1-1: Swinging Strike 1-2: Strikes out looking
|
|
Batting: RHB Tony Jennings
|
0-0: Foul Ball, location: 2F 0-1: DOUBLE (Flyball, 8RD, EV 99.4 MPH)
|
|
Batting: RHB Brandon Wilson
|
0-0: Ball 1-0: Called Strike 1-1: Ball 2-1: Ball 3-1: Foul Ball, location: 2F 3-2: Foul Ball, location: 2F 3-2: Strikes out swinging
|
|
Batting: RHB Steve Breshears
|
0-0: Ball 1-0: Ball 2-0: Called Strike 2-1: Foul Ball, location: 2F 2-2: Foul Ball, location: 2F 2-2: Ball 3-2: SINGLE (Flyball, 7LS, EV 88.8 MPH) Tony Jennings to third
|
|
Pitching: LHP Norm Franklin
|
|
|
Batting: LHB Armando Pena
|
0-0: Ball 1-0: 3-RUN HOME RUN (Flyball, 9D, EV 96.2 MPH), Distance : 379 ft
|
|
Batting: RHB Brian Brower
|
0-0: Ground out 6-3 (Groundball, 56, EV 87.5 MPH)
|
| Top of the 6th over - 3 runs, 3 hits, 0 errors, 0 left on base; University of North Carolina at Chapel Hill 5 - Vanderbilt University 2 |
| BOTTOM OF THE 6TH |
|
Vanderbilt University Commodores batting - Pitching for University of North Carolina at Chapel Hill Tar Heels : RHP Fernando Conzalez
|
|
Pitching: RHP Ian Hunt
|
|
|
Batting: RHB Ruben Reyna
|
0-0: Called Strike 0-1: Called Strike 0-2: Ground out 4-3 (Groundball, 4, EV 79.4 MPH)
|
|
Batting: RHB Sam Kerwin
|
0-0: Fly out, F9 (Flyball, 9S, EV 82.5 MPH)
|
|
Batting: SHB Robbie Glover
|
0-0: Foul Ball, location: 2F 0-1: Ball 1-1: Foul Ball, location: 2F 1-2: Foul Ball, location: 2F 1-2: Strikes out swinging
|
| Bottom of the 6th over - 0 runs, 0 hits, 0 errors, 0 left on base; University of North Carolina at Chapel Hill 5 - Vanderbilt University 2 |
| TOP OF THE 7TH |
|
University of North Carolina at Chapel Hill Tar Heels batting - Pitching for Vanderbilt University Commodores : LHP Norm Franklin
|
|
Batting: LHB Juan Alvarado
|
0-0: Called Strike 0-1: Ground out 6-3 (Groundball, 6, EV 86.9 MPH)
|
|
Batting: LHB Chris Robertson
|
0-0: Ball 1-0: Ball 2-0: Called Strike 2-1: Called Strike 2-2: Fly out, F8 (Flyball, 8LXD, EV 96.2 MPH)
|
|
Batting: RHB Michael Houseman
|
0-0: Ball 1-0: Ball 2-0: Ball 3-0: Called Strike 3-1: Foul Ball, location: 2F 3-2: SOLO HOME RUN (Flyball, 7LD, EV 96.9 MPH), Distance : 378 ft
|
|
Batting: RHB Mike Machalek
|
0-0: Ball 1-0: Ball 2-0: Ball 3-0: Called Strike 3-1: Ground out 4-3 (Groundball, 4, EV 109.4 MPH)
|
| Top of the 7th over - 1 run, 1 hit, 0 errors, 0 left on base; University of North Carolina at Chapel Hill 6 - Vanderbilt University 2 |
| BOTTOM OF THE 7TH |
|
Vanderbilt University Commodores batting - Pitching for University of North Carolina at Chapel Hill Tar Heels : RHP Ian Hunt
|
|
Pitching: RHP Brian Spedafino
|
|
|
Batting: RHB Min Tann
|
0-0: Fly out, F9 (Flyball, 9, EV 86.9 MPH)
|
|
Batting: RHB En-lai Kong
|
0-0: Called Strike 0-1: Ball 1-1: Foul Ball, location: 2F 1-2: Ball 2-2: Ground out 6-3 (Groundball, 56, EV 80.0 MPH)
|
|
Batting: RHB Paul Johnson
|
0-0: Called Strike 0-1: Ball 1-1: Ball 2-1: Ground out 5-3 (Groundball, 56, EV 101.9 MPH)
|
| Bottom of the 7th over - 0 runs, 0 hits, 0 errors, 0 left on base; University of North Carolina at Chapel Hill 6 - Vanderbilt University 2 |
| TOP OF THE 8TH |
|
University of North Carolina at Chapel Hill Tar Heels batting - Pitching for Vanderbilt University Commodores : LHP Norm Franklin
|
|
Pitching: RHP Bill Mata
|
|
|
Batting: RHB Tony Jennings
|
0-0: Ball 1-0: Called Strike 1-1: Ball 2-1: Fly out, F7 (Flyball, 78S, EV 85.6 MPH)
|
|
Batting: RHB Brandon Wilson
|
0-0: Called Strike 0-1: Foul Ball, location: 2F 0-2: Foul Ball, location: 2F 0-2: Ball 1-2: Ball 2-2: Ball 3-2: Fly out, F5 (Popup, 56S, EV 76.9 MPH)
|
|
Batting: RHB Steve Breshears
|
0-0: Called Strike 0-1: Ball 1-1: Swinging Strike 1-2: Strikes out swinging
|
| Top of the 8th over - 0 runs, 0 hits, 0 errors, 0 left on base; University of North Carolina at Chapel Hill 6 - Vanderbilt University 2 |
| BOTTOM OF THE 8TH |
|
Vanderbilt University Commodores batting - Pitching for University of North Carolina at Chapel Hill Tar Heels : RHP Brian Spedafino
|
|
Pitching: RHP Didier Pages
|
|
|
Batting: RHB Brian Pflughoeft
|
0-0: Ball 1-0: Ball 2-0: Ball 3-0: Foul Ball, location: 2F 3-1: Base on Balls
|
|
Batting: LHB Tokito Ishizaki
|
0-0: Ball 1-0: Foul Ball, location: 2F 1-1: Foul Ball, location: 2F 1-2: Strikes out swinging
|
|
Batting: SHB D.J. Davis
|
0-0: Foul Ball, location: 2F 0-1: Grounds into double play, 4-6-3 (Groundball, 4M, EV 84.4 MPH)
|
| Bottom of the 8th over - 0 runs, 0 hits, 0 errors, 0 left on base; University of North Carolina at Chapel Hill 6 - Vanderbilt University 2 |
| TOP OF THE 9TH |
|
University of North Carolina at Chapel Hill Tar Heels batting - Pitching for Vanderbilt University Commodores : RHP Bill Mata
|
|
Pitching: RHP Jesus Ortega
|
|
|
Batting: LHB Roberto Lopez
|
0-0: Called Strike 0-1: Ball 1-1: Swinging Strike 1-2: Ball 2-2: Ball 3-2: Strikes out looking
|
|
Batting: RHB Brian Brower
|
0-0: Fly out, F8 (Flyball, 8LM, EV 89.4 MPH)
|
|
Batting: LHB Juan Alvarado
|
0-0: Foul Ball, location: 2F 0-1: Ball 1-1: Ball 2-1: Ground out 3-1 (Groundball, 34, EV 89.4 MPH)
|
| Top of the 9th over - 0 runs, 0 hits, 0 errors, 0 left on base; University of North Carolina at Chapel Hill 6 - Vanderbilt University 2 |
| BOTTOM OF THE 9TH |
|
Vanderbilt University Commodores batting - Pitching for University of North Carolina at Chapel Hill Tar Heels : RHP Didier Pages
|
|
Pitching: RHP Alex Aldaya
|
|
|
Pinch Hitting: RHB Pakiana Kileona
|
0-0: Called Strike 0-1: Ball 1-1: Foul Ball, location: 2F 1-2: SINGLE (Flyball, 34D, EV 96.9 MPH)
|
|
Batting: RHB Sam Kerwin
|
0-0: Foul Ball, location: 2F 0-1: Foul Ball, location: 2F 0-2: Single, Error in OF, E9, batter to second base (Line Drive, 34D, EV 98.8 MPH) Pakiana Kileona to third
|
|
Batting: SHB Robbie Glover
|
0-0: Called Strike 0-1: Foul Ball, location: 2F 0-2: Ball 1-2: Foul Ball, location: 2F 1-2: Fly out, F8 (Line Drive, 8RD, EV 91.2 MPH) Runner from 3rd tags up, SCORES, no throw by CF
|
|
Batting: RHB Min Tann
|
0-0: Ball 1-0: Foul Ball, location: 2F 1-1: Ball 2-1: Ball 3-1: Swinging Strike 3-2: Base on Balls
|
|
Pitching: RHP Berry Dow
|
|
|
Batting: RHB En-lai Kong
|
0-0: Fly out, F3 (Line Drive, 34, EV 65.6 MPH)
|
|
Batting: RHB Paul Johnson
|
0-0: SINGLE (Line Drive, 56D, EV 108.1 MPH) Sam Kerwin to third Min Tann to second
|
|
Batting: RHB Brian Pflughoeft
|
0-0: Fielders Choice at 2nd, 6-4 (Groundball, 6, EV 106.9 MPH)
|
| Bottom of the 9th over - 1 run, 3 hits, 1 error, 3 left on base; University of North Carolina at Chapel Hill 6 - Vanderbilt University 3 |
|